 Dungeon Crawl Stone Soup version 0.16-b1 (webtiles) character file.

548 dysrexia the Skirmisher (level 7, -1/48 HPs)
             Began as a Tengu Monk on Mar 14, 2015.
             Slain by an orc wizard
             ... wielding a +0 dagger
              (3 damage)
             ... on level 4 of the Dungeon.
             The game lasted 00:16:59 (4449 turns).

dysrexia the Skirmisher (Tengu Monk)                Turns: 4449, Time: 00:16:59

Health: -1/48      AC:  5    Str: 11    XL:     7   Next: 28%
Magic:  9/9        EV: 12    Int: 13    God:
Gold:   209        SH:  0    Dex: 18    Spells: 0 memorised, 6 levels left

rFire  . . .     SeeInvis .       - Unarmed
rCold  . . .     Rnd*Rage +     k - +0 ring mail (curse)
rNeg   . . .     SustAb   .     (no shield)
rPois  .         Gourm    .     (helmet restricted)
rElec  .         Spirit   .     (no cloak)
rCorr  .         Warding  .     (no gloves)
rMut   .         Stasis   .     (boots unavailable)
MR     .....                    (no amulet)
Stlth  ++........               (no ring)
                                (no ring)

@: not resistant to hostile enchantments, unstealthy
A: able to fly, beak, talons 3, berserk 1, clever 1, slow healing 1
a: Fly


You were on level 4 of the Dungeon.
You were not hungry.

You visited 1 branch of the dungeon, and saw 4 of its levels.

You collected 209 gold pieces.

Inventory:

Hand weapons
 p - a +1 blowgun
Missiles
 c - 131 stones (quivered)
 f - 18 poisoned needles
Armour
 a - a +0 robe
 k - a cursed +0 ring mail (worn)
Scrolls
 d - a scroll of enchant armour {unknown}
 e - a scroll of fear
 m - 2 scrolls of remove curse
Potions
 n - a potion of ambrosia {unknown}
 q - a potion of agility {unknown}
Comestibles
 b - 4 bread rations
 g - a slice of pizza
 h - 3 meat rations
 i - a chunk of flesh
 o - 2 fruits


   Skills:
 + Level 7.8 Fighting
 - Level 3.2 Dodging
 - Level 2.0 Stealth
 - Level 5.0 Unarmed Combat


You had 6 spell levels left.
You didn't know any spells.

Dungeon Overview and Level Annotations

Branches:
Dungeon (4/15)
 Temple: D:4-7

Altars:
Cheibriados
Sif Muna
Yredelemnul

Annotations:
D:4 Pikel


Innate Abilities, Weirdness & Mutations

You can fly.
You have a beak for a mouth.
You have claws for feet.
You tend to lose your temper in combat.
Your mind is acute. (Int +2)
You heal slowly when monsters are visible.


Message History

The hound bites you.
* * * LOW HITPOINT WARNING * * *
You closely miss the hound.
The hound is almost dead.
The hound bites you.
* * * LOW HITPOINT WARNING * * *
The orc wizard gestures wildly while chanting.
The orc wizard blinks!
The hound barely misses you.
You hit the hound but do no damage. You peck the hound.
You kill the hound!
You punch the giant cockroach!
You kill the giant cockroach!
You hear some strange, mumbled words.
The orc wizard mumbles some strange words.
The orc wizard blinks!
You feel a wave of unholy energy pass over you.
The orc wizard hits you with a dagger.
* * * LOW HITPOINT WARNING * * *
The orc wizard hits you with a dagger.
You die...

# #.# # #.#.####.##
.####.#........ # #.............#
..# ## #.# ..# .# ###.# .h# .#
##<.รท## ..# .#####
#.###.########### ..# .....# #.#
#..o@...{...# ..#
.###.####.###.#########o#####o.##
.# #...........#......oo.oooso..(
.# ########..#..........####ooo..
## #..###.######.# #.#...
########......# #.# #....#
#........###### #.# ####.#
#.######## #.# .# #.# #.# #


You could see 2 orc wizards.

Vanquished Creatures
  An ogre (D:4)
  2 orc priests (D:3)
  A giant frog skeleton (D:4)
  2 orc wizards
  3 hounds (D:4)
  Robin (D:3)
  5 adders
  6 worms
  A giant gecko (D:3)
  An ooze (D:2)
  22 orcs
  4 ball pythons
  3 giant cockroaches
  17 goblins
  14 hobgoblins
  12 kobolds
  2 quokkas
  5 bats
  A giant newt (D:1)
  3 jackals (D:3)
  8 rats
114 creatures vanquished.

Notes
Turn   | Place    | Note
--------------------------------------------------------------
     0 | D:1      | dysrexia, the Tengu Monk, began the quest for the Orb.
     0 | D:1      | Reached XP level 1. HP: 14/14 MP: 1/1
    84 | D:1      | Reached XP level 2. HP: 17/19 MP: 3/3
   334 | D:1      | Reached skill level 5 in Unarmed Combat
   965 | D:2      | Found a deep blue altar of Sif Muna.
   965 | D:2      | Found a basalt altar of Yredelemnul.
   966 | D:2      | Found a snail-covered altar of Cheibriados.
  1002 | D:2      | Reached XP level 3. HP: 23/23 MP: 4/4
  1326 | D:2      | Reached XP level 4. HP: 29/29 MP: 5/5
  1529 | D:2      | Gained mutation: You tend to lose your temper in combat. [potion of mutation]
  1529 | D:2      | Gained mutation: You heal slowly when monsters are visible. [potion of mutation]
  1529 | D:2      | Gained mutation: Your mind is acute. (Int +2) [potion of mutation]
  2090 | D:3      | Reached skill level 5 in Fighting
  2090 | D:3      | Reached XP level 5. HP: 10/35 MP: 7/7
  2109 | D:3      | HP: 1/35 [orc/falchion (8)]
  2758 | D:3      | Reached skill level 6 in Fighting
  2967 | D:3      | Reached XP level 6. HP: 39/41 MP: 8/8
  3024 | D:3      | Noticed Robin
  3412 | D:3      | Killed Robin
  4134 | D:4      | Reached skill level 7 in Fighting
  4134 | D:4      | Reached XP level 7. HP: 20/48 MP: 9/9
  4351 | D:4      | Noticed Pikel
  4449 | D:4      | HP: 2/48 [orc wizard/dagger (3)]
  4449 | D:4      | Slain by an orc wizard

Action                   |  1- 3 |  4- 6 |  7- 9 || total
-------------------------+-------+-------+-------++-------
Melee: Unarmed           |    82 |   237 |    54 ||   373
 Fire: Blowgun           |       |     3 |     5 ||     8
Throw: Stone             |     3 |     2 |       ||     5
 Abil: Fly               |       |     1 |       ||     1
  Use: Scroll            |     3 |     5 |       ||     8
       Potion            |       |     2 |     1 ||     3
 Stab: Sleeping          |     2 |     1 |       ||     3
       Fleeing           |     1 |       |       ||     1
  Eat: Chunk             |     1 |     9 |     2 ||    12
